 Dungeon Crawl Stone Soup version 0.25-a0-591-g2ad0d86 (webtiles) character file.

Game seed: 13637111231123611908, levelgen mode: deterministic

60 Faels the Slasher (level 3, -2/31 HPs)
             Began as a Minotaur Fighter on Mar 13, 2020.
             Killed by divine providence
             ... invoked by an orc priest
              (10 damage)
             ... on level 3 of the Dungeon.
             The game lasted 00:03:59 (1960 turns).

Faels the Slasher (Minotaur Fighter)                Turns: 1960, Time: 00:04:00

Health: -2/31      AC:  6    Str: 19 (22) XL:     3   Next: 82%
Magic:  2/2        EV:  8    Int:  4 (5)  God:
Gold:   97         SH:  9    Dex:  8 (10) Spells: 2/2 levels left

rFire    + . .     SeeInvis .   a - +0 long sword
rCold    + . .     Gourm    .   c - +0 kite shield
rNeg     . . .     Faith    .   b - +0 scale mail
rPois    +         Spirit   .   (helmet restricted)
rElec    +         Reflect  .   (no cloak)
rCorr    +         Harm     .   (no gloves)
MR       .....                  (no boots)
Stlth    ..........             (no amulet)
HPRegen  0.10/turn              (no ring)
MPRegen  0.08/turn              (no ring)

@: mighty, resistant, stab, flying
A: retaliatory headbutt, horns 2, strong 1, evolution 1, sturdy frame 1
a: no special abilities


You were on level 3 of the Dungeon.
You were not hungry.

You visited 1 branch of the dungeon, and saw 3 of its levels.

You collected 97 gold pieces.

Inventory:

Hand Weapons
 a - a +0 long sword (weapon)
 m - a +1 dagger of protection
Armour
 b - a +0 scale mail (worn)
 c - a +0 kite shield (worn)
Scrolls
 l - a scroll of enchant armour {unknown}
 o - a scroll of identify {unknown}
Potions
 d - a potion of might
 e - a potion of curing
 h - a potion of magic
 k - 2 potions of degeneration
Comestibles
 f - 7 rations


   Skills:
 - Level 3.6 Fighting
 + Level 4.7 Long Blades
 - Level 3.6 Armour
 - Level 1.4 Dodging
 - Level 3.6 Shields


You had 2 spell levels left.
You didn't know any spells.
Your spell library was empty.

Dungeon Overview and Level Annotations

Branches:
Dungeon (3/15)

Altars:
Qazlal


Innate Abilities, Weirdness & Mutations

You reflexively headbutt those who attack you in melee.
You have a pair of horns on your head.
Your muscles are strong. (Str +2)
You evolve.
Your movements are slightly less encumbered by armour. (ER -2)


Message History

You feel very buoyant.
You fly up into the air.
The orc barely misses you.
The orc priest calls upon Beogh to heal the orc.
The orc's wounds heal themselves!
It was a potion of stabbing.
You feel ready to backstab. The orc closely misses you.
The orc priest hits you but does no damage.
The orc priest looks satisfied for a moment.
It was a potion of mutation.
You feel extremely strange.
You feel stronger.
You feel nature experimenting on you.
Don't worry, failures die fast.
You feel less encumbered by your armour.
The orc closely misses you. The orc priest closely misses you.
It was a potion of resistance.
You feel protected. The orc hits you but does no damage.
The orc priest mumbles some strange prayers to Beogh against you.
Beogh smites you!
You die...

#
#..#...#
#
#......##
#........
#.####.##
##.# #
#..#
##.##
#..# #@##
.$....oo#
......oo#
.........
#.......#
#.#......
# #......
#.....#


You could see 2 orc priests and 2 orcs.

Vanquished Creatures
  2 adders (D:2)
  2 oozes (D:2)
  A worm (D:3)
  2 dart slugs
  A giant cockroach (D:1)
  A goblin (D:1)
  A hobgoblin (D:1)
  2 jackals (D:1)
  A ball python (D:1)
  8 bats
  3 frilled lizards
  3 kobolds
  6 rats
33 creatures vanquished.

Notes
Turn   | Place    | Note
-------+----------+-------------------------------------------
     0 | D:1      | Faels the Minotaur Fighter began the quest for the Orb.
     0 | D:1      | Reached XP level 1. HP: 19/19 MP: 0/0
   102 | D:1      | Reached skill level 1 in Dodging
   110 | D:1      | Reached skill level 3 in Long Blades
   110 | D:1      | Reached XP level 2. HP: 11/26 MP: 1/1
  1120 | D:2      | Reached XP level 3. HP: 28/31 MP: 2/2
  1159 | D:2      | Found a stormy altar of Qazlal.
  1160 | D:2      | Noticed an air elemental
  1161 | D:2      | Noticed an earth elemental
  1167 | D:2      | Noticed a fire elemental
  1174 | D:2      | Noticed a water elemental
  1430 | D:2      | Reached skill level 4 in Long Blades
  1959 | D:3      | Gained mutation: Your muscles are strong. (Str +2) [potion
                  | of mutation]
  1959 | D:3      | Gained mutation: You evolve. [potion of mutation]
  1959 | D:3      | Gained mutation: Your movements are slightly less
                  | encumbered by armour. (ER -2) [potion of mutation]
  1960 | D:3      | Killed from afar by an orc priest

Levels and vault maps discovered:
D:1:      dpeg_arrival_connections, layout_basic
D:2:      layout_loops_cross, nicolae_qazlal_style_of_elements, first_ration,
          chequers_serial_rivers_marsh
D:3:      layout_rooms, kennysheep_ying_yang, doesnt_xom_only_xom,
          serial_undead, serial_undead_a, serial_undead_d, serial_undead_a,
          serial_undead_a, serial_undead_d, serial_undead_c, serial_undead_c,
          minmay_crystal_room, uniq_sigmund

Skill      XL: |  1  2  3 |
---------------+----------+-----
Dodging        | 1 |  1.4
Long Blades    | 3 4 |  4.7
Fighting       | |  3.6
Armour         | |  3.6
Shields        | |  3.6

Action                   || total
-------------------------++-------
Melee: Long sword        ||    97
       Headbutt          ||    15
  Use: Potion            ||     8
  Eat: Chunk             ||     3
Armor: Scale mail        ||    58
Dodge: Dodged            ||    32
Block: Kite shield       ||    65
       Rpst.: Long sword ||    10

Table legend:
 A = Non-vault XP
 B = Vault XP
 C = Vault XP percentage of total XP
 D = Non-vault monster count
 E = Vault monster count
 F = Vault count percentage of total count
                 A         B        C        D         E       F
            +---------+---------+-------+---------+---------+-------
      Total |      87 |       0 |   0.0 |      33 |       0 |   0.0
            +---------+---------+-------+---------+---------+-------
        D:1 |      22 |       0 |   0.0 |      13 |       0 |   0.0
        D:2 |      55 |       0 |   0.0 |      15 |       0 |   0.0
        D:3 |      10 |       0 |   0.0 |       5 |       0 |   0.0
            +---------+---------+-------+---------+---------+-------
